 Dungeon Crawl Stone Soup version 0.28-a0-1435-g82390b3a13 (webtiles) character file.

Game seed: 10244728717537936782

10670 dolemite99 the Severer (level 11, -1/95 HPs)
             Began as a Hill Orc Fighter on Jan 10, 2022.
             Was an Elder of Uskayaw.
             Slain by an eight-headed hydra (3 damage)
             ... on level 1 of the Lair of Beasts.
             The game lasted 00:13:05 (15087 turns).

dolemite99 the Severer (Hill Orc Fighter)          Turns: 15087, Time: 00:13:06

Health: -1/95      AC: 19    Str: 30    XL:     11   Next: 65%
Magic:  16/16      EV:  7    Int:  8    God:    Uskayaw [****..]
Gold:   448        SH:  4    Dex: 10    Spells: 10/10 levels left

rFire   . . .      SeeInvis .   J - +0 morningstar
rCold   . . .      Faith    .   c - +0 buckler
rNeg    . . .      Spirit   .   l - +0 plate armour
rPois   +          Reflect  .   j - +1 helmet
rElec   .          Harm     .   P - +0 cloak
rCorr   .          Rampage  .   (no gloves)
Will    .....                   p - +1 pair of boots
Stlth   ..........              (no amulet)
HPRegen 0.25/turn               d - +6 ring of strength
MPRegen 0.15/turn               z - ring of poison resistance

@: no status effects
A: no striking features
a: Renounce Religion, Stomp, Line Pass


You were on level 1 of the Lair of Beasts.
You worshipped Uskayaw.
Uskayaw was noncommittal.
You visited 2 branches of the dungeon, and saw 12 of its levels.

You collected 573 gold pieces.
You spent 125 gold pieces at shops.

Inventory:

Hand Weapons
 a - a +0 war axe
 I - a +0 battleaxe
 J - a +0 morningstar (weapon)
 K - a +0 hunting sling
 O - a +3 battleaxe
Missiles
 b - 155 arrows
 f - 62 bolts
 g - 309 stones
 k - 2 javelins
 q - 64 sling bullets
 u - 30 poisoned darts (quivered)
Armour
 c - a +0 buckler (worn)
 j - a +1 helmet (worn)
 l - a +0 plate armour (worn)
 p - a +1 pair of boots (worn)
 P - a +0 cloak (worn)
Magical Staves
 N - a staff of conjuration
Jewellery
 d - a +6 ring of strength (left hand)
 i - a ring of positive energy
 n - a ring of flight
 z - a ring of poison resistance (right hand)
 C - an amulet of the acrobat
Wands
 w - a wand of paralysis (8)
 y - a wand of acid (2)
 F - a wand of flame (12)
 M - a wand of charming (9)
Scrolls
 e - a scroll of magic mapping
 o - 6 scrolls of teleportation
 s - a scroll of fog
 t - a scroll of blinking
 E - a scroll of enchant weapon
 L - 2 scrolls of identify {@r1}
Potions
 h - a potion of lignification
 m - a potion of brilliance
 r - a potion of magic
 v - 2 potions of attraction
 x - a potion of resistance
 A - 5 potions of curing
 B - a potion of berserk rage
 D - 3 potions of ambrosia
 G - a potion of heal wounds


   Skills:
 + Level 8.5 Fighting
 + Level 16.7 Axes
 - Level 8.1 Armour
 - Level 3.2 Shields
 - Level 7.8 Invocations
 - Level 6.0 Evocations


You had 10 spell levels left.
You didn't know any spells.
Your spell library contained the following spells:

 Spells                   Type           Power      Damage    Failure   Level
 Confusing Touch          Hex            0%         N/A       100%        3
 Inner Flame              Hex/Fire       0%         N/A       100%        3
 Cause Fear               Hex            0%         N/A       100%        4
 Yara's Violent Unravell  Hex/Tmut       0%         3d3       100%        5
 Enfeeble                 Hex            0%         N/A       100%        7
 Discord                  Hex            0%         N/A       100%        8


Dungeon Overview and Level Annotations

Branches:
Dungeon (11/15)            Temple (0/1) D:7            Lair (1/6) D:10
    Orc (0/2) D:10

Altars:
Ashenzari
Elyvilon
Fedhas
Kikubaaqudgha
Nemelex Xobeh
Okawaru
Ru
Uskayaw
Vehumet
Wu Jian

Shops:
D:3 ?[!   D:8 :


Message History

The eight-headed hydra barely misses you. x2
The eight-headed hydra bites you.
The eight-headed hydra bites you but does no damage.
The eight-headed hydra bites you!
You block the eight-headed hydra's attack.
You puncture the eight-headed hydra!
The eight-headed hydra is almost dead.
The eight-headed hydra bites you but does no damage. x2
The eight-headed hydra closely misses you.
The eight-headed hydra bites you.
The eight-headed hydra bites you but does no damage.
The eight-headed hydra bites you!
The eight-headed hydra bites you but does no damage. x2
You block the eight-headed hydra's attack.
The eight-headed hydra bites you.
* * * LOW HITPOINT WARNING * * *
The eight-headed hydra completely misses you.
The eight-headed hydra bites you but does no damage. x5
You hit the eight-headed hydra.
The eight-headed hydra is severely wounded.
The eight-headed hydra bites you.
* * * LOW HITPOINT WARNING * * *
The eight-headed hydra bites you.
* * * LOW HITPOINT WARNING * * *
You block the eight-headed hydra's attack.
The eight-headed hydra bites you but does no damage. x2
You block the eight-headed hydra's attack.
The eight-headed hydra barely misses you.
The eight-headed hydra bites you but does no damage.
You hit the eight-headed hydra.
The eight-headed hydra is almost dead.
The eight-headed hydra bites you!
* * * LOW HITPOINT WARNING * * *
The eight-headed hydra bites you.
* * * LOW HITPOINT WARNING * * *
The eight-headed hydra barely misses you.
The eight-headed hydra bites you.
* * * LOW HITPOINT WARNING * * *
The eight-headed hydra bites you.
You die...

#.... #...# #...P
#....## #..>..##
#######.# #..#####
........###......#
##.#.#.##..##
#......###@#
######..#..#.##D#
##.....#...###.#.##
#..##.###......#..#
.....##
##...........#
##.##.#
.####.(..#P## #...#
.. # #(..#### ##.##
.# ....# #.. #
......


You could see an eight-headed hydra.

Vanquished Creatures
  3 death yaks (D:10)
  A two-headed ogre (D:9)
  Pikel (D:5)
  Maggie (D:6)
  Joseph (D:8)
  An unseen horror (D:10)
  A komodo dragon (Lair:1)
  A polar bear (Lair:1)
  A troll (D:10)
  2 wyverns
  14 yaks
  A vampire (D:10)
  A shadow (D:10)
  2 steam dragons
  3 vampire mosquitoes (D:10)
  Menkaure (D:5)
  4 water moccasins
  A sky beast (D:7)
  A black bear (D:7)
  3 ice beasts
  An orc warrior (D:10)
  3 centaurs
  An ogre (D:4)
  4 lemures (D:5)
  3 kobold brigands
  3 scorpions
  2 bullfrogs
  A water moccasin skeleton (D:7)
  7 wights
  4 centaur zombies
  A bullfrog zombie (D:7)
  A hound (D:6)
  7 orc priests
  A centaur skeleton (D:4)
  A bullfrog skeleton (D:5)
  A gnoll shaman (D:5)
  Jessica (D:3)
  Ijyb (D:5)
  8 orc wizards
  A scorpion zombie (D:5)
  2 howler monkey zombies
  3 gnolls (D:5)
  5 adders
  A shadow imp (D:6)
  An ufetubus (D:4)
  An adder skeleton (D:3)
  A worm (D:2)
  2 dart slugs
  25 orcs
  An endoplasm (D:1)
  3 giant cockroaches
  6 hobgoblins
  2 jackals (D:1)
  A quokka (D:3)
  6 ball pythons
  6 bats
  3 frilled lizards
  4 goblins
  13 kobolds
  2 rats
184 creatures vanquished.

Vanquished Creatures (others)
  A fungus (Lair:1)
  12 plants (D:5)
13 creatures vanquished.

Grand Total: 197 creatures vanquished

Notes
Turn   | Place    | Note
-------+----------+-------------------------------------------
     0 | D:1      | dolemite99 the Hill Orc Fighter began the quest for the
                  | Orb.
     0 | D:1      | Reached XP level 1. HP: 19/19 MP: 1/1
   137 | D:1      | Found a faded altar of an unknown god.
   141 | D:1      | Reached skill level 3 in Axes
   150 | D:1      | Prayed at the altar of an unknown god.
   150 | D:1      | Became a worshipper of Uskayaw the Reveller
   150 | D:1      | Reached * piety under Uskayaw
   203 | D:1      | Reached XP level 2. HP: 26/26 MP: 2/2
   232 | D:1      | Reached ** piety under Uskayaw
   320 | D:1      | Reached skill level 4 in Axes
   912 | D:2      | Reached XP level 3. HP: 31/31 MP: 3/3
  1005 | D:2      | Reached skill level 5 in Axes
  1006 | D:2      | Reached *** piety under Uskayaw
  1587 | D:2      | Reached XP level 4. HP: 37/39 MP: 4/4
  1844 | D:3      | Found Sahie's Distillery.
  1845 | D:3      | Found Deoschar's Magic Scroll Shop.
  1851 | D:3      | Bought a scroll of fog for 20 gold pieces
  1851 | D:3      | Bought a scroll of teleportation for 30 gold pieces
  1851 | D:3      | Bought a scroll of blinking for 75 gold pieces
  1858 | D:3      | Noticed a scorpion
  1868 | D:3      | Killed a scorpion
  1869 | D:3      | Reached skill level 6 in Axes
  1869 | D:3      | Reached XP level 5. HP: 6/45 MP: 5/5
  2187 | D:3      | Found Imowka's Armour Shop.
  2187 | D:3      | Noticed Jessica
  2195 | D:3      | Killed Jessica
  2196 | D:3      | Reached skill level 7 in Axes
  3172 | D:4      | Reached skill level 8 in Axes
  3172 | D:4      | Reached XP level 6. HP: 51/51 MP: 6/6
  3270 | D:4      | Found an ancient bone altar of Kikubaaqudgha.
  3917 | D:5      | Entered Level 5 of the Dungeon
  4010 | D:5      | Reached skill level 9 in Axes
  4085 | D:5      | Noticed Ijyb
  4092 | D:5      | Noticed Menkaure
  4101 | D:5      | Killed Ijyb
  4101 | D:5      | Reached **** piety under Uskayaw
  4103 | D:5      | Killed Menkaure
  4104 | D:5      | Reached skill level 10 in Axes
  4104 | D:5      | Reached XP level 7. HP: 21/57 MP: 7/7
  4974 | D:5      | HP: 1/57 [lemure[Pikel] (8)]
  5178 | D:5      | Found a sacrificial altar of Ru.
  5207 | D:5      | Reached skill level 11 in Axes
  5399 | D:5      | Reached XP level 8. HP: 59/64 MP: 8/8
  5647 | D:5      | Noticed Pikel
  5663 | D:5      | Killed Pikel
  5664 | D:5      | Reached skill level 13 in Axes
  6049 | D:5      | You fall into a shaft and drop 3 floors!
  6070 | D:8      | Reached skill level 14 in Axes
  6199 | D:7      | Reached XP level 9. HP: 34/70 MP: 9/9
  6594 | D:7      | Found a staircase to the Ecumenical Temple.
  7056 | D:6      | Reached skill level 15 in Axes
  7202 | D:6      | Noticed Maggie
  7220 | D:6      | Killed Maggie
  7558 | D:6      | Found an ornate altar of the Wu Jian Council.
  8206 | D:7      | Reached skill level 16 in Axes
  8480 | D:7      | Found a radiant altar of Vehumet.
  8889 | D:5      | Found a white marble altar of Elyvilon.
  9281 | D:8      | Reached skill level 5 in Fighting
  9287 | D:8      | Found a broken altar of Ashenzari.
  9403 | D:8      | Noticed Joseph
  9735 | D:8      | Killed Joseph
  9953 | D:8      | Found Aranen's Self-Improvement Boutique.
  9960 | D:8      | Reached XP level 10. HP: 86/86 MP: 10/10
  9975 | D:8      | Identified the +1 cloak of Yfeth {rC+ Int-5 Dex+6}
 10103 | D:8      | Reached skill level 5 in Armour
 10110 | D:8      | Reached ***** piety under Uskayaw
 10405 | D:8      | Reached skill level 1 in Invocations
 11753 | D:9      | Reached skill level 5 in Invocations
 12013 | D:9      | Noticed a two-headed ogre
 12031 | D:9      | Killed a two-headed ogre
 12626 | D:10     | Entered Level 10 of the Dungeon
 12753 | D:10     | Noticed a death yak
 12755 | D:10     | Noticed a death yak
 12789 | D:10     | Killed a death yak
 13153 | D:10     | Found a staircase to the Lair.
 13153 | D:10     | Noticed a death yak
 13181 | D:10     | Reached XP level 11. HP: 78/92 MP: 16/16
 13183 | D:10     | Reached skill level 1 in Evocations
 13185 | D:10     | Killed a death yak
 13186 | D:10     | Killed a death yak
 13512 | D:10     | Reached skill level 5 in Evocations
 14187 | D:10     | Found a staircase to the Orcish Mines.
 14588 | D:10     | Found a faded altar of an unknown god.
 14588 | D:10     | Found a sparkling altar of Nemelex Xobeh.
 14595 | D:10     | Found an iron altar of Okawaru.
 14597 | D:10     | Found a faded altar of an unknown god.
 14599 | D:10     | Found a blossoming altar of Fedhas.
 15021 | Lair:1   | Entered Level 1 of the Lair of Beasts
 15056 | Lair:1   | Noticed an eight-headed hydra
 15087 | Lair:1   | HP: 2/95 [eight-headed hydra (6)]
 15087 | Lair:1   | Slain by an eight-headed hydra

Illustrated notes

Levels and vault maps discovered:
D:1:      minmay_arrival_glassed_features, layout_loops_ring,
          shapermc_ecumenical_altar_notcrosses
D:2:      layout_loops_ring, grunt_decor_arrowhead, minmay_misc_feat_tiny,
          minmay_vboxes
D:3:      layout_basic, serial_shops, nicolae_square_shop, shop, shop,
          uniq_jessica
D:4:      layout_basic, overflow_temple_1_default, kennysheep_cluttered_room,
          hangedman_decor_diamond_cutter, hex_large
D:5:      wad_pebble_path, layout_layer_cave, nicolae_ru_sacrificial_ziggurat,
          nicolae_elyvilon_temple_path, uniq_ijyb, uniq_pikel, uniq_menkaure
D:6:      layout_basic, nzn_wu_jian_council_hall, due_unseen_surprise,
          uniq_maggie
D:7:      layout_gridville, mainiacjoe_overflow_brackets,
          minmay_temple_entry_mini_moons, kennysheep_generic_room_8
D:8:      layout_loops_cross, kennysheep_mini, nicolae_shop_self_help,
          uniq_joseph
D:9:      layout_rooms, st_stairs_13
D:10:     layout_loops_ring, chequers_temple_overflow_minitemple,
          dpeg_lair_monsters
D:11:     layout_rooms, nicolae_ashenzari_panopticon
Lair:1:   layout_loops_ring, lemuel_fruit_tree

Skill      XL: |  1  2  3  4  5  6  7  8  9 10 11 |
---------------+----------------------------------+-----
Axes           | 3 4 5 6 8 10 11 14 16 | 16.7
Fighting       | 7 8 |  8.5
Armour         | 8 |  8.1
Invocations    | 7 |  7.8
Evocations     | 6 |  6.0
Shields        | |  3.2

Action                   |  1- 3 |  4- 6 |  7- 9 | 10-12 || total
-------------------------+-------+-------+-------+-------++-------
Melee: War axe           |    74 |   115 |   222 |   260 ||   671
       Morningstar       |       |       |       |     5 ||     5
Throw: Stone             |     8 |     2 |     2 |       ||    12
       Dart              |       |       |       |    51 ||    51
Evoke: Wand              |       |       |     1 |    10 ||    11
  Use: Potion            |       |     3 |     3 |       ||     6
       Scroll            |       |     1 |     6 |    10 ||    17
 Stab: Paralysed         |       |     2 |     9 |    10 ||    21
Armor: Scale mail        |    17 |       |       |       ||    17
       Plate armour      |    36 |    61 |   123 |   179 ||   399
Dodge: Dodged            |    24 |    29 |    52 |    52 ||   157
Block: Buckler           |    18 |    24 |    39 |    37 ||   118

Table legend: (Time is in decaauts)
 A = Elapsed time spent in this place.
 B = Non-inter-level travel time spent in this place.
 C = Inter-level travel time spent in this place.
 D = Time resting spent in this place.
 E = Time spent auto-exploring this place.
 F = Levels seen in this place.
 G = Mean time per level.
                   A        B        C        D        E       F      G
               +--------+--------+--------+--------+--------+-----+--------+
         Total |  15034 |  14571 |    463 |   5625 |   6980 |  12 | 1252.8 |
       Dungeon |  14972 |  14509 |    463 |   5625 |   6948 |  11 | 1361.1 |
          Lair |     62 |     62 |      0 |      0 |     32 |   1 |   62.0 |
               +--------+--------+--------+--------+--------+-----+--------+

Top non-repeatable levels by time:
     D:5: 2628 daAuts
    D:10: 2354 daAuts
     D:9: 1607 daAuts
     D:8: 1581 daAuts
     D:7: 1530 daAuts
     D:6: 1306 daAuts
     D:4: 1269 daAuts
     D:3: 995 daAuts
     D:1: 863 daAuts
     D:2: 826 daAuts
  Lair:1: 62 daAuts
    D:11: 7 daAuts
